 Seeded DCSS version 0.30.1-9-gdf580d7c3d (webtiles) character file.

Game seed: 7229806256980976716 (custom seed)

1 Psyclone the Stinger (level 1, 11/11 HPs)
             Began as an Octopode Venom Mage on Sept 29, 2023.
             Quit the game on level 1 of the Dungeon.
             The game lasted 00:02:27 (129 turns).

Psyclone the Stinger (Octopode Venom Mage)           Turns: 129, Time: 00:02:28

Health: 11/11      AC:  1    Str:  7    XL:     1   Next: 20%
Magic:  3/3        EV: 13    Int: 17    God:
Gold:   0          SH:  0    Dex: 12    Spells: 3/4 levels left

rFire   . . .        (no weapon)
rCold   . . .        (no shield)
rNeg    . . .        (helmet restricted)
rPois   .            (no amulet)
rElec   .            (no ring)
rCorr   .            (no ring)
SInv    .            (no ring)
Will    .....        (no ring)
Stlth   +++          (no ring)
HPRegen 0.21/turn    (no ring)
MPRegen 0.08/turn    (no ring)
                     (no ring)

%: no passive effects
@: no status effects
A: almost no armour, amphibious, 8 rings, camouflage 1, gelatinous body 1,
(nimble swimmer 1), tentacles
a: no special abilities


You were on level 1 of the Dungeon.
You visited 1 branch of the dungeon, and saw 1 of its levels.

Inventory:

Scrolls
 b - 2 scrolls of amnesia {unknown}
 c - 3 scrolls of acquirement
Potions
 a - a potion of magic


   Skills:
 + Level 2.0 Dodging
 + Level 2.7 Stealth
 + Level 2.0 Spellcasting
 + Level 1.0 Transmutations
 + Level 3.6 Poison Magic


You had 3 spell levels left.
You knew the following spells:

 Your Spells              Type           Power      Damage    Failure   Level
a - Sting                 Tmut/Pois      36%        1d4       8%          1

Your spell library contained the following spells:

 Spells                   Type           Power      Damage    Failure   Level
 Poisonous Vapours        Pois/Air       14%        N/A       14%         2
 Mephitic Cloud           Conj/Pois/Air  5%         N/A       34%         3
 Olgreb's Toxic Radiance  Pois           14%        N/A       41%         4


Dungeon Overview and Level Annotations

Branches:
Dungeon (1/15) Zot: 5871

Altars:


Innate Abilities, Weirdness & Mutations

You cannot wear most types of armour.
You are amphibious.
You can wear up to eight rings at the same time.
Your skin changes colour to match your surroundings (Stealth+).
Your rubbery body absorbs attacks. (AC +1, EV +1)
((You are camouflaged when in or above water. (Stealth+)))
You have tentacles for arms and can constrict up to eight enemies at once.


Message History

A quokka comes into view.
Found 3 scrolls labelled RAGIOR NADERHA.
Found 3 stones.
c - 3 scrolls labelled RAGIOR NADERHA This is a scroll of acquirement!
Unknown command.
Sorry, I don't know how to get there.
Casting: Sting (safe; 8% risk of failure)
Confirm with . or Enter, or press ? or * to list all spells.
You can't see any susceptible monsters within range! (Use Z to cast anyway.) Unknown command.
You completely miss the quokka. Your grab misses the quokka.
The quokka closely misses you.
You tentacle-slap the quokka but do no damage.
You grab the quokka. You constrict the quokka. The quokka closely misses you.
You barely miss the quokka.
The quokka is lightly wounded.
You constrict the quokka, but do no damage.
The quokka barely misses you. The quokka bites you.
You take 1 damage, and have 10/11 hp.
You tentacle-slap the quokka but do no damage.
The quokka is lightly wounded.
You constrict the quokka. The quokka closely misses you.
Health restored: 11 You tentacle-slap the quokka but do no damage.
Your squeeze misses the quokka.
The quokka is moderately wounded.
You constrict the quokka. The quokka closely misses you.
You tentacle-slap the quokka.
The quokka is severely wounded.
You constrict the quokka. The quokka closely misses you.
You tentacle-slap the quokka but do no damage.
You squeeze the quokka.
You kill the quokka!
There is an open door here.
You close the door.
There is a staircase leading out of the dungeon here.
You open the door.
There is an open door here.
Are you sure you want to abandon this character and quit the game? (Confirm with "yes".)

############.#
#.# #.# #.#
##########.#
#..........# #
#.##########
#(#######.#
#..@......#
###########


There were no monsters in sight!

Vanquished Creatures
  A quokka (D:1)
1 creature vanquished.

Notes
Turn   | Place    | Note
-------+----------+-------------------------------------------
     0 | D:1      | Psyclone the Octopode Venom Mage began the quest for the
                  | Orb.
     0 | D:1      | Reached XP level 1. HP: 11/11 MP: 3/3
    40 | D:1      | Identified 3 scrolls of acquirement
   129 | D:1      | Quit the game

Illustrated notes

Levels and vault maps discovered:
D:1:      spicycebolla_arrival_ecumenical, layout_loops_ring

Action                     || total
---------------------------++-------
  Melee: Unarmed           ||     7
         Constrict         ||     1
         Tentacles         ||     1
  Dodge: Dodged            ||     6
